 Dungeon Crawl Stone Soup version 0.19.0 (webtiles) character file.

135 Eucla the Skirmisher (level 5, -1/42 HPs)
             Began as a Human Abyssal Knight on Nov 14, 2016.
             Was a Believer of Lugonu.
             Slain by an ice beast (13 damage)
             ... on level 3 of the Dungeon on Nov 15, 2016.
             The game lasted 00:03:20 (2600 turns).

Eucla the Skirmisher (Human Abyssal Knight)         Turns: 2600, Time: 00:03:21

Health: -1/42      AC:  3    Str: 12    XL:     5   Next: 41%
Magic:  7/7        EV: 11    Int: 13    God:    Lugonu [**....]
Gold:   81         SH:  0    Dex: 13    Spells: 0 memorised, 4 levels left

rFire  . . .     SeeInvis .     a - +1 hand axe
rCold  . . .     Gourm    .     b - +0 leather armour
rNeg   . . .     Faith    .     (no shield)
rPois  .         Spirit   .     (no helmet)
rElec  .         Reflect  .     (no cloak)
rCorr  .         Harm     .     (no gloves)
MR     .....                    (no boots)
Stlth  +.........               (no amulet)
                                (no ring)
                                (no ring)

@: very slightly contaminated, hasted, very quick
A: no striking features
a: Depart the Abyss, Bend Space, Renounce Religion


You were on level 3 of the Dungeon.
You worshipped Lugonu.
Lugonu was pleased with you.
You were not hungry.

You visited 1 branch of the dungeon, and saw 3 of its levels.
You visited the Abyss 1 time.

You collected 81 gold pieces.

Inventory:

Hand Weapons
 a - a +1 hand axe (weapon)
Armour
 b - a +0 leather armour (worn)
Wands
 j - a wand of polymorph (7/24)
Scrolls
 d - 2 scrolls of remove curse {unknown}
 e - 2 scrolls of random uselessness {unknown}
 f - a scroll of identify {unknown}
 g - a scroll of amnesia {unknown}
 k - a scroll of enchant armour {unknown}
 l - a scroll of immolation {unknown}
 n - a scroll of teleportation {unknown}
 q - a scroll of fear {unknown}
Potions
 h - a potion of cancellation {unknown}
 i - a potion of haste
 m - a potion of mutation {unknown}
 o - a potion of invisibility {unknown}
Comestibles
 c - 2 bread rations


   Skills:
 + Level 4.2 Fighting
 * Level 3.6 Axes
 - Level 2.0 Armour
 - Level 1.0 Dodging
 + Level 3.0 Invocations


You had 4 spell levels left.
You didn't know any spells.

Dungeon Overview and Level Annotations

Branches:
Dungeon (3/15)

Altars:


Message History

You are very lightly contaminated with residual magic.
You barely miss the ice beast. You slash the ice beast!
The ice beast is moderately wounded.
The ice beast closely misses you.
You closely miss the ice beast.
The ice beast is moderately wounded.
The ice beast hits you. The ice beast freezes you!
Unknown command.
You hit the ice beast but do no damage.
The ice beast is moderately wounded.
You hit the ice beast.
The ice beast is moderately wounded.
The ice beast hits you but does no damage.
You hit the ice beast.
The ice beast is severely wounded.
The ice beast hits you.
* * * LOW HITPOINT WARNING * * *
The ice beast freezes you!
You die...

######.........
.............#
######.).....#
#########.......###
...................
........#.......###
........##.........
........###.....##
###..#.@........#
#####Y#<......#
...#..........
#..#.#.....##...
##...#.##.#..... .
..#.. .......
#.#..#.. ...#.. #
...#.# ..##.# #.#
.#


You could see an ice beast.

Vanquished Creatures
  Jessica (D:2)
  4 adders
  2 oozes
  A worm (D:2)
  3 dart slugs
  4 bats
  3 giant cockroaches
  7 goblins
  6 hobgoblins
  2 quokkas (D:2)
  4 frilled lizards
  9 kobolds
  10 rats
56 creatures vanquished.

Notes
Turn   | Place    | Note
-------+----------+-------------------------------------------
     0 | Abyss:1  | Eucla the Human Abyssal Knight began the quest for the Orb.
     0 | Abyss:1  | Reached XP level 1. HP: 18/18 MP: 2/2
   155 | Abyss:2  | Noticed a starcursed mass
   166 | D:1      | Escaped the Abyss
   305 | D:1      | Reached XP level 2. HP: 24/24 MP: 3/3
   363 | D:1      | HP: 1/24 [hobgoblin/club (2)]
   958 | D:1      | Reached * piety under Lugonu
   978 | D:1      | Reached XP level 3. HP: 28/29 MP: 4/4
  1463 | D:2      | Noticed Jessica
  1470 | D:2      | Killed Jessica
  1470 | D:2      | Reached XP level 4. HP: 37/37 MP: 5/5
  1611 | D:2      | Reached skill level 4 in Fighting
  1913 | D:2      | Reached ** piety under Lugonu
  1913 | D:2      | Reached XP level 5. HP: 21/42 MP: 7/7
  2591 | D:3      | Noticed an ice beast
  2600 | D:3      | Slain by an ice beast

Skill      XL: |  1  2  3  4  5 |
---------------+----------------+-----
Axes           | 3 |  3.6
Fighting       | 4 |  4.2
Invocations    | 3 |  3.0
Armour         | |  2.0
Dodging        | |  1.0

Action                   |  1- 3 |  4- 6 || total
-------------------------+-------+-------++-------
Melee: Hand axe          |   109 |    97 ||   206
       Unarmed           |     2 |     3 ||     5
Invok: Depart the Abyss  |     1 |       ||     1
  Use: Potion            |       |     1 ||     1
 Stab: Confused          |     1 |       ||     1
  Eat: Chunk             |     1 |     1 ||     2
       Beef jerky        |     1 |       ||     1
       Fruit             |       |     3 ||     3
Armor: Leather armour    |    45 |    16 ||    61
Dodge: Dodged            |    70 |    52 ||   122
